 Dungeon Crawl Stone Soup version 0.31.0-32-g396128a36d (webtiles) character file.

Game seed: 1425065755666822410

402 PaiMei the Gusty (level 6, 0/36 HPs)
             Began as a Tengu Air Elementalist on Mar 15, 2024.
             Slain by a quasit (2 damage)
             ... summoned by Eustachio
             ... on level 4 of the Dungeon.
             The game lasted 00:07:27 (5029 turns).

PaiMei the Gusty (Tengu Air Elementalist)           Turns: 5029, Time: 00:07:27

Health: 0/36       AC:  2    Str:  8      XL:     6   Next: 85%
Magic:  0/11       EV: 13    Int: 18      God:
Gold:   123        SH:  0    Dex: 13 (14) Spells: 10/11 levels left

rFire   . . .        f - +0 whip (drain)
rCold   . . .        (no shield)
rNeg    . . .        a - +0 robe
rPois   .            (helmet restricted)
rElec   .            (no cloak)
rCorr   .            (no gloves)
SInv    .            (boots unavailable)
Will    .....        (no amulet)
Stlth   ++           (no ring)
HPRegen 0.26/turn    (no ring)
MPRegen 0.12/turn

%: acrobat
@: no status effects
A: beak, talons 3, acrobatic
a: no special abilities


You were on level 4 of the Dungeon.
You visited 1 branch of the dungeon, and saw 4 of its levels.

You collected 123 gold pieces.

Inventory:

Hand Weapons
 c - a +0 hand axe
 f - a +0 whip of draining (weapon)
Armour
 a - a +0 robe (worn)
Scrolls
 e - a scroll of identify {unknown}
 h - 3 scrolls of vulnerability {unknown}
 k - a scroll of poison {unknown}
 n - a scroll of teleportation {unknown}
Potions
 b - a potion of magic
 d - 2 potions of enlightenment {unknown}
 g - a potion of curing {unknown}
 i - a potion of lignification {unknown}
 j - 2 potions of brilliance {unknown}
 l - 3 potions of heal wounds {unknown}
 m - a potion of ambrosia {unknown}
 o - a potion of degeneration {unknown}


   Skills:
 + Level 2.6 Fighting
 + Level 3.9 Dodging
 - Level 2.1 Stealth
 + Level 3.3 Spellcasting
 + Level 4.0 Conjurations
 + Level 5.6 Air Magic


You had 10 spell levels left.
You knew the following spells:

 Your Spells              Type           Power      Damage    Failure   Level
a - Shock                 Conj/Air       80%        1d8       2%          1

Your spell library contained the following spells:

 Spells                   Type           Power      Damage    Failure   Level
 Static Discharge         Conj/Air       40%        3-5/arc   3%          2
 Swiftness                Air            23%        N/A       4%          3
 Airstrike                Air            11%        2d(2-18)  16%         4
 Hailstorm                Conj/Ice       10%        3d6       21%         3
 Gell's Gravitas          Tloc           2%         N/A       43%         3
 Ozocubu's Armour         Ice            2%         N/A       43%         3
 Summon Ice Beast         Ice/Summ       2%         N/A       43%         3
 Teleport Other           Tloc           2%         N/A       43%         3
 Summon Lightning Spire   Summ/Air       13%        N/A       43%         4
 Metabolic Englaciation   Hex/Ice        1%         N/A       99%         5
 Dispersal                Tloc           1%         N/A       100%        6
 Sculpt Simulacrum        Ice/Alch       1%         N/A       100%        6


Dungeon Overview and Level Annotations

Branches:
Dungeon (4/15)
 Temple: D:4-7

Altars:

Shops:
D:1 (   D:4 (

Annotations:
D:4 Eustachio


Innate Abilities, Weirdness & Mutations

You have a beak for a mouth.
You have claws for feet.
You can magically evade attacks while moving or waiting.


Message History

Your peck misses Eustachio.
Eustachio is almost dead.
The bat hits you but does no damage.
Eustachio gestures wildly while chanting.
Casting: Shock (safe; 2% risk of failure)
Confirm with . or Enter, or press ? or * to list all spells.
Aiming: Shock (safe; 2% risk of failure)
Press: ? - help, Shift-Dir - straight line, f/p - Eustachio
Aim: Eustachio, wielding a +0 falchion and wearing a +0 leather armour (almost dead, 60% to hit)
The zap misses Eustachio.
The quasit barely misses you. The quasit misses you.
The quasit barely misses you. Eustachio hits you with a +0 falchion!
* * * LOW HITPOINT WARNING * * *
The quasit closely misses you. x2; The quasit claws you.
* * * LOW HITPOINT WARNING * * *
Casting: Shock (safe; 2% risk of failure)
Confirm with . or Enter, or press ? or * to list all spells.
You don't know that spell.
Casting: Shock (safe; 2% risk of failure)
Confirm with . or Enter, or press ? or * to list all spells.
You don't have enough magic to cast this spell.
You hit Eustachio but do no damage.
Eustachio is almost dead.
Eustachio misses you. The quasit barely misses you.
The quasit claws you but does no damage.
The quasit barely misses you.
You hit Eustachio. Your kick misses Eustachio.
Eustachio is almost dead.
Eustachio closely misses you. The quasit bites you.
* * * LOW HITPOINT WARNING * * *
The quasit closely misses you. The quasit misses you.
Eustachio hits you with a +0 falchion.
* * * LOW HITPOINT WARNING * * *
Casting: Shock (safe; 2% risk of failure)
Confirm with . or Enter, or press ? or * to list all spells.
You don't have enough magic to cast this spell.
You miss Eustachio. Your kick misses Eustachio.
Eustachio is almost dead.
The ufetubus disappears in a puff of smoke!
The quasit misses you. x2; The quasit claws you.
You die...

#.#.#<#.#.#........#########
#.#.###.#.#.#...##.#
#.#.....#.#.#.#.##.#
#.#####.#.#.#.#.##.#
#......(......#.##.#
#########.#.###.##.#######
..........b......)......#
########.#5###.##.#####.#
#5#@#............#
#######r#@#.#...########
...5b.b..r..##############
#######.#.#...............
#.#.#.##############
..#.#.#.............
####.#.#.#########.#.
#.#.#.# #.#. #.#.#.# #.#.


You could see Eustachio, a quasit (summoned), a bat (summoned) and a rat
(summoned).

Vanquished Creatures
  A phantom (D:4)
  2 scorpions (D:4)
  A bombardier beetle (D:4)
  A hound (D:4)
  4 gnolls (D:2)
  An adder (D:4)
  3 ribbon worms
  3 dart slugs (D:2)
  7 bats
  10 endoplasms
  A giant cockroach (D:3)
  15 goblins
  12 hobgoblins
  3 quokkas
  9 ball pythons
  4 frilled lizards
  7 kobolds
  7 rats
91 creatures vanquished.

Notes
Turn   | Place    | Note
-------+----------+-------------------------------------------
     0 | D:1      | PaiMei the Tengu Air Elementalist began the quest for the
                  | Orb.
     0 | D:1      | Reached XP level 1. HP: 10/10 MP: 4/4
   194 | D:1      | Reached XP level 2. HP: 15/15 MP: 1/6
   679 | D:1      | Found Sicus's Antique Weapon Shoppe.
   752 | D:1      | Reached XP level 3. HP: 20/20 MP: 2/7
   988 | D:2      | Found a faded altar of an unknown god.
  1510 | D:2      | Reached skill level 1 in Fighting
  1527 | D:2      | Reached XP level 4. HP: 25/25 MP: 3/8
  2733 | D:3      | Reached XP level 5. HP: 29/29 MP: 5/9
  3800 | D:4      | Noticed Eustachio
  3903 | D:4      | Reached skill level 5 in Air Magic
  3914 | D:4      | Noticed a phantom
  4149 | D:4      | Found Fiare's Weapon Boutique.
  4517 | D:4      | Killed a phantom
  4518 | D:4      | Reached XP level 6. HP: 34/36 MP: 2/11
  5028 | D:4      | HP: 1/36 [Eustachio/+0 falchion (5)]
  5029 | D:4      | Slain by a quasit

Illustrated notes

Levels and vault maps discovered:
D:1:      saegor_arrival_simple_d, layout_basic, serial_shops, shop
D:2:      layout_loops_cross, ebering_ecumenical_altar_ruins
D:3:      layout_basic, st_stairs_12, grunt_ministairs_1
D:4:      layout_basic, serial_shops, nicolae_shop_hallway_plus, uniq_eustachio,
          uniq_duvessa

Skill      XL: |  1  2  3  4  5  6 |
---------------+-------------------+-----
Conjurations   | 2 3 4 |  4.0
Fighting       | 1 2 |  2.6
Dodging        | 3 |  3.9
Air Magic      | 5 |  5.6
Spellcasting   | 3 |  3.3
Stealth        | |  2.1

Action                     |  1- 3 |  4- 6 || total
---------------------------+-------+-------++-------
  Melee: Hand axe          |     8 |       ||     8
         Kick              |     2 |     6 ||     8
         Peck              |     1 |     2 ||     3
         Whip              |     2 |    24 ||    26
   Cast: Shock             |    72 |   165 ||   237
 Armour: Robe              |    15 |    51 ||    66
  Dodge: Dodged            |    32 |    88 ||   120
